 Dungeon Crawl Stone Soup version 0.32-a0-913-g739538afd8 (webtiles) character file.

Game seed: 17678268657542330611

45205 Autsider the Summoner (level 14, 87/88 HPs)
             Began as a Tengu Summoner on Apr 8, 2024.
             Was a High Priest of Kikubaaqudgha.
             Quit the game on level 5 of the Lair of Beasts.
             The game lasted 01:02:37 (17449 turns).

Autsider the Summoner (Tengu Summoner)             Turns: 17449, Time: 01:02:38

Health: 87/88      AC: 11    Str:  8    XL:     14   Next: 32%
Magic:  28/29      EV: 35    Int: 29    God:    Kikubaaqudgha [*****.]
Gold:   767        SH:  5    Dex: 16    Spells: 18/34 levels left

rFire   + . .        S - staff of Qouloh {rF+ Will++ Int+3 Stlth+ Fire}
rCold   + . .        F - orb {*channel}
rNeg    . . .        G - +1 robe {rC+}
rPois   .            N - +2 hat
rElec   .            i - +0 cloak
rCorr   .            t - +0 pair of gloves
SInv    .            (boots unavailable)
Will    +++..        u - amulet of reflection
Stlth   +++++        v - +4 ring of protection
HPRegen 0.34/turn    T - +6 ring of intelligence
MPRegen 0.21/turn

%: reflection, acrobat, channel magic (20%)
@: acrobatic, flying, inugami summoned
A: beak, talons 3, evasive flight, acrobatic
a: Renounce Religion, Unearth Wretches, Torment


You were on level 5 of the Lair of Beasts.
You worshipped Kikubaaqudgha.
Kikubaaqudgha was extremely pleased with you.
You visited 3 branches of the dungeon, and saw 15 of its levels.
You also visited: Sewer.

You collected 767 gold pieces.

Inventory:

Hand Weapons
 E - a +3 heavy trident
 M - the +6 falchion of Integrity {holy, rN+}
   (You found it on level 7 of the Dungeon)

   rN+:       It protects you from negative energy.
 R - a +5 falchion
Armour
 i - a +0 cloak (worn)
 q - the orb "Nimel" {*Rage, rN+}
   (You found it on level 3 of the Dungeon)

   rN+:       It protects you from negative energy.
 t - a +0 pair of gloves (worn)
 F - an orb of energy (worn)
 G - a +1 robe of cold resistance (worn)
 N - a +2 hat (worn)
Magical Staves
 S - the staff of Qouloh (weapon) {rF+ Will++ Int+3 Stlth+ Fire}
   (You found it on level 2 of the Lair of Beasts)

   [staff of fire]

   Base accuracy: +5 Base damage: 5 Base attack delay: 1.2 This weapon's minimum
   attack delay (0.6) is reached at skill level 12.
   Int+3:     It affects your intelligence (+3).
   rF+:       It protects you from fire.
   Will++:    It greatly increases your willpower.
   Stlth+:    It makes you more stealthy.
   Fire:      It increases the power of your Fire spells.
   It falls into the 'Staves' category.
   It is a one-handed weapon.
 U - the staff of Duiprygo {rC+ Fire Earth}
   (You found it on level 2 of the Lair of Beasts)

   [staff of earth]

   Base accuracy: +5 Base damage: 5 Base attack delay: 1.2 This weapon's minimum
   attack delay (0.6) is reached at skill level 12.
   rC+:       It protects you from cold.
   Fire:      It increases the power of your Fire spells.
   Earth:     It increases the power of your Earth spells.
   It falls into the 'Staves' category.
   It is a one-handed weapon.
Jewellery
 j - a ring of see invisible
 u - an amulet of reflection (around neck)
 v - a +4 ring of protection (left hand)
 A - a +5 ring of evasion
 K - a +6 ring of dexterity
 T - a +6 ring of intelligence (right hand)
 X - the ring of Wisdom {rC+ rN++ Str-3}
   (You found it on level 4 of the Lair of Beasts)

   [ring of protection from cold]

   Str-3:     It affects your strength (-3).
   rC+:       It protects you from cold.
   rN++:      It greatly protects you from negative energy.
Wands
 n - a wand of warping (19)
 o - a wand of light (17)
 p - a wand of flame (11)
 s - a wand of paralysis (11)
 D - a wand of mindburst (10)
 H - a wand of digging (3)
Scrolls
 c - 3 scrolls of immolation
 d - 2 scrolls of noise
 e - 8 scrolls of teleportation {@r2}
 g - 2 scrolls of amnesia
 w - a scroll of summoning
 x - a scroll of revelation
 z - a scroll of torment
 C - a scroll of blinking
 I - a scroll of enchant armour
 J - a scroll of fog
 V - a scroll of acquirement
 Y - a scroll of poison
Potions
 a - a potion of attraction {unknown}
 b - 3 potions of magic
 f - 3 potions of ambrosia
 h - 2 potions of brilliance {unknown}
 k - 3 potions of might
 l - 4 potions of haste
 m - 2 potions of heal wounds {@q2}
 r - 2 potions of berserk rage
 L - 2 potions of enlightenment {unknown}
 O - a potion of resistance {unknown}
 P - 4 potions of curing {@q1}
 Z - a potion of mutation {unknown}
Miscellaneous
 Q - a sack of spiders (inert)


   Skills:
 - Level 10.0 Fighting
 - Level 10.0 Dodging
 - Level 10.0 Stealth
 + Level 10.9 Spellcasting
 - Level 4.0 Hexes
 - Level 11.0 Summonings
 + Level 9.0 Necromancy
 - Level 5.0 Fire Magic
 - Level 5.0 Air Magic
 - Level 4.0 Earth Magic


You had 18 spell levels left.
You knew the following spells:

 Your Spells              Type           Power      Damage    Failure   Level
p - Anguish               Hex/Necr       26%        N/A       9%          4
A - Call Canine Familiar  Summ           68%        N/A       1%          3
B - Summon Blazeheart Go  Fire/Summ      76%        N/A       6%          4
C - Summon Lightning Spi  Summ/Air       58%        N/A       6%          4
X - Summon Small Mammal   Summ           100%       N/A       1%          1

Your spell library contained the following spells:

 Spells                   Type           Power      Damage    Failure   Level
 Necrotise                Necr           100%       1d9       1%          1
 Call Imp                 Summ           100%       N/A       1%          2
 Fugue of the Fallen      Necr           62%        N/A       2%          3
 Vampiric Draining        Necr           62%        2d10      2%          3
 Martyr's Knell           Necr/Summ      65%        N/A       3%          4
 Sandblast                Erth           78%        2d17      4%          1
 Cigotuvi's Dreadful Rot  Necr/Alch/Air  86%        N/A       4%          2
 Foxfire                  Conj/Fire      100%       2x1d9     6%          1
 Ensorcelled Hibernation  Hex/Ice        54%        N/A       9%          2
 Curse of Agony           Necr           62%        N/A       9%          5
 Stone Arrow              Conj/Erth      54%        3d10      14%         3
 Borgnjor's Vile Clutch   Necr/Erth      26%        N/A       17%         5
 Vhi's Electric Charge    Tloc/Air       60%        N/A       28%         4
 Death Channel            Necr           31%        N/A       30%         6
 Brom's Barrelling Bould  Conj/Erth      27%        2d5       34%         4
 Arcjolt                  Conj/Air       15%        1d25      56%         5
 Plasma Beam              Fire/Air       30%        2x1d43    77%         6
 Starburst                Conj/Fire      22%        6d8       96%         6


Dungeon Overview and Level Annotations

Branches:
Dungeon (9/15)             Temple (1/1) D:4            Lair (5/5) D:8
  Swamp (0/4) Lair:3       Spider (0/4) Lair:2        Slime (0/5) Lair:4
  Sewer (visited)
    Orc: D:9-12

Altars:
Ashenzari
Cheibriados
Dithmenos
Elyvilon
Fedhas
Gozag
Hepliaklqana
Kikubaaqudgha
Makhleb
Nemelex Xobeh
Qazlal
Ru
Sif Muna
Trog
Uskayaw
Vehumet
Wu Jian
Xom
Yredelemnul
Zin
The Shining One
Jiyva

Shops:
D:6 [

Annotations:
Lair:2 exclusion: obsidian statue
Lair:4 exclusion: 4 oklob plants


Innate Abilities, Weirdness & Mutations

You have a beak for a mouth.
You have claws for feet.
Your magical flight helps you evade attacks. (EV +4)
You can magically evade attacks while moving or waiting.


Message History

A lindwurm comes into view.
Casting: Summon Blazeheart Golem (dangerous; 6% risk of failure)
Confirm with . or Enter, or press ? or * to list all spells.
An electric hum fills the air.
The lindwurm breathes flames at you. The blast of flame hits you. You resist.
Your lightning spire shoots out a bolt of lightning at the lindwurm!
The bolt of electricity hits the lindwurm.
The bolt of electricity hits the plant!
The plant begins to die.
Your lightning spire shoots out a bolt of lightning at the lindwurm!
The bolt of electricity hits the lindwurm!
Your lightning spire shoots out a bolt of lightning at the lindwurm!
The bolt of electricity misses the lindwurm.
The bolt of electricity hits the lindwurm.
The bolt of electricity hits your lightning spire.
Casting: Summon Lightning Spire (dangerous; 6% risk of failure)
Confirm with . or Enter, or press ? or * to list all spells.
You call for your canine familiar and it appears with a howl!
Magical energy flows into your mind!
The lindwurm bites your lightning spire.
The lindwurm barely misses your lightning spire.
The lindwurm claws your lightning spire.
A nearby plant withers and dies.
The lindwurm bites your lightning spire.
The lindwurm claws your lightning spire but does no damage. x2
Your inugami hits the lindwurm. The lindwurm bites your inugami.
The lindwurm barely misses your inugami.
The lindwurm closely misses your inugami.
Your lightning spire shoots out a bolt of lightning at the lindwurm!
The bolt of electricity hits the lindwurm! x2
The lindwurm dies!
Kikubaaqudgha accepts your kill.
The bolt of electricity hits your lightning spire.
Your Necromancy skill increases to level 9!
Your lightning spire disappears in a puff of smoke!
A hornet comes into view.
The hornet moves out of view.
Okay, then.
Are you sure you want to abandon this character and quit the game? (Confirm with "yes".)

# ###### #
#....### ##
####.....### #.
##...h.#....## ##
#...@####....## #
#.....## #.##...#
#### #....#.
###...## #..#
.... .# ##...##
#... ... .#
#...## ##... ..
## ##..### #....
. ###.....##
##...
#..#...#.####....
#........##......


You could see a friendly inugami (summoned).

Vanquished Creatures
  Gastronok (D:8)
  Snorg (Lair:5)
  A catoblepas (Lair:4)
  4 hydras
  A boulder beetle (D:8)
  2 two-headed ogres (D:8)
  2 skysharks
  A bog body (Lair:3)
  A slime creature (D:8)
  2 black mambas
  10 elephants
  13 cane toads
  2 torpor snails (Lair:5)
  7 komodo dragons
  4 hornets
  4 polar bears
  A nameless horror (D:2)
  A blink frog (Lair:5)
  A raiju (Lair:5)
  18 yaks
  5 wraiths (Lair:5)
  The ghost of Autsider the Chiller, an amateur DrIE (D:4)
  A basilisk (Lair:3)
  2 wyverns (D:8)
  2 wargs (Lair:5)
  A redback (Lair:2)
  An acid dragon (D:8)
  A hell hound (Lair:5)
  7 water moccasins
  An orc warrior (D:8)
  3 sky beasts (D:8)
  8 black bears
  A laughing skull (D:8)
  3 centaurs
  An ogre (D:6)
  4 wolves
  2 kobold brigands (D:8)
  2 bullfrogs
  2 wights (D:8)
  A howler monkey (D:8)
  A bombardier beetle (D:5)
  3 orc priests
  A sleepcap (D:5)
  Ijyb (D:3)
  4 hell rats (Lair:3)
  2 orc wizards
  An adder (D:5)
  A shadow imp (D:6)
  A white imp (D:8)
  A ribbon worm (D:2)
  A dart slug (D:2)
  15 orcs
  4 endoplasms
  2 giant cockroaches (D:4)
  A goblin (D:2)
  2 hobgoblins
  4 quokkas
  2 ball pythons (D:2)
  A bat (D:2)
  2 frilled lizards
  3 kobolds
  7 rats
186 creatures vanquished.

Vanquished Creatures (collateral kills)
  Josephine (Lair:5)
  2 hydras (Lair:5)
  A catoblepas (Lair:4)
  Erica (Lair:1)
  2 fire crabs (Lair:5)
  A skyshark (Lair:5)
  A lindwurm (Lair:5)
  3 elephants
  Jeremiah (D:6)
  4 rime drakes
  6 cane toads
  2 polar bears
  6 blink frogs
  2 jumping spiders (Lair:2)
  Sigmund (D:3)
  9 yaks
  3 wyverns
  A warg (Lair:5)
  Grum (D:8)
  An acid dragon (D:8)
  A swamp worm (Lair:3)
  4 hell hounds (Lair:5)
  6 water moccasins
  An orc warrior (D:8)
  4 black bears
  An ice beast (D:7)
  2 sky beasts (D:7)
  5 wolves
  3 centaurs
  2 phantoms
  A nameless horror (Lair:5)
  2 kobold brigands (D:8)
  A scorpion (D:8)
  A wight (D:8)
  A killer bee (D:8)
  2 howler monkeys (D:8)
  4 electric eels
  2 hounds
  2 orc priests
  2 jellies
  Crazy Yiuf (D:3)
  4 iguanas
  3 hell rats
  2 orc wizards (D:4)
  Natasha (thrice) (D:3)
  8 adders
  4 gnolls (D:4)
  A river rat (Sewer)
  A white imp (D:7)
  19 orcs
  7 ball pythons
  5 bats
  9 endoplasms
  3 giant cockroaches
  A goblin (D:1)
  5 hobgoblins
  2 quokkas
  A frilled lizard (D:1)
  8 kobolds
  6 rats
189 creatures vanquished.

Vanquished Creatures (others)
  A black bear (Lair:5)
  97 blazeheart cores
98 creatures vanquished.

Grand Total: 473 creatures vanquished

Notes
Turn   | Place    | Note
-------+----------+-------------------------------------------
     0 | D:1      | Autsider the Tengu Summoner began the quest for the Orb.
     0 | D:1      | Reached XP level 1. HP: 10/10 MP: 4/4
     6 | D:1      | Noticed a polar bear
     6 | D:1      | Noticed a crocodile
     7 | D:1      | Noticed a wyvern
    89 | D:1      | Reached skill level 5 in Summonings
    91 | D:1      | Reached XP level 2. HP: 13/15 MP: 3/6
   624 | D:1      | Reached XP level 3. HP: 19/19 MP: 4/7
   628 | D:1      | Learned a level 3 spell: Call Canine Familiar
  1528 | D:2      | Reached XP level 4. HP: 24/24 MP: 9/9
  1533 | D:2      | Learned a level 4 spell: Summon Blazeheart Golem
  1595 | D:2      | Noticed a nameless horror
  1608 | D:2      | Killed a nameless horror
  2244 | D:3      | Identified the orb "Nimel" {*Rage, rN+}
  2256 | D:3      | Found a radiant altar of Vehumet.
  2382 | D:3      | Found a runed translucent door.
  2383 | D:3      | Noticed Crazy Yiuf
  2556 | D:3      | Noticed Sigmund
  2573 | D:3      | Killed Sigmund
  2574 | D:3      | Reached skill level 6 in Summonings
  2574 | D:3      | Reached XP level 5. HP: 22/28 MP: 6/11
  2574 | D:3      | Reached XP level 6. HP: 26/32 MP: 6/12
  2644 | D:3      | Found a bloodstained altar of Trog.
  2644 | D:3      | Found a stormy altar of Qazlal.
  2646 | D:3      | Found a glowing silver altar of Zin.
  2648 | D:3      | Found a shadowy altar of Dithmenos.
  2649 | D:3      | Found a snail-covered altar of Cheibriados.
  2735 | D:3      | Noticed Ijyb
  2742 | D:3      | Killed Ijyb
  2807 | D:3      | Noticed Natasha
  2819 | D:3      | Killed Natasha
  3110 | D:3      | Noticed Natasha
  3127 | D:3      | Killed Natasha
  3249 | D:3      | Noticed Natasha
  3266 | D:3      | Killed Natasha
  3342 | D:3      | Killed Crazy Yiuf
  3607 | D:4      | Learned a level 4 spell: Summon Lightning Spire
  3680 | D:4      | Found a staircase to the Ecumenical Temple.
  3689 | Temple   | Entered the Ecumenical Temple
  3700 | Temple   | Became a worshipper of Kikubaaqudgha
  3744 | D:4      | Found a runed translucent door.
  3916 | D:4      | Gained mutation: Your magical flight helps you evade
                  | attacks. (EV +4) [Tengu growth]
  3916 | D:4      | Reached XP level 7. HP: 28/36 MP: 10/14
  3953 | D:4      | Noticed Autsider's ghost (amateur DrIE)
  4011 | D:4      | Killed Autsider's ghost
  4012 | D:4      | Reached skill level 7 in Summonings
  4012 | D:4      | Reached skill level 5 in Fire Magic
  4032 | D:4      | Found a runed translucent door.
  4650 | D:5      | Entered Level 5 of the Dungeon
  4706 | D:5      | Reached * piety under Kikubaaqudgha
  4706 | D:5      | Received a gift from Kikubaaqudgha
  4784 | D:5      | Reached skill level 5 in Spellcasting
  4832 | D:5      | Found a blossoming altar of Fedhas.
  4881 | D:5      | Reached XP level 8. HP: 41/41 MP: 12/16
  4882 | D:5      | Reached skill level 8 in Summonings
  5157 | D:5      | Reached skill level 1 in Fighting
  5157 | D:5      | Reached skill level 1 in Air Magic
  5216 | D:5      | Found a glowing drain.
  5220 | Sewer    | Entered a sewer
  5248 | Sewer    | Reached ** piety under Kikubaaqudgha
  5549 | D:6      | Found Soskuon's Armour Emporium.
  5793 | D:6      | Noticed Jeremiah
  5823 | D:6      | Killed Jeremiah
  5824 | D:6      | Reached XP level 9. HP: 23/49 MP: 9/18
  6488 | D:7      | Found a sacrificial altar of Ru.
  6617 | D:7      | Reached skill level 9 in Summonings
  7177 | D:7      | Identified the +6 falchion of Integrity {holy, rN+}
  7685 | D:8      | Noticed Gastronok
  7702 | D:8      | Reached skill level 5 in Dodging
  7702 | D:8      | Reached skill level 5 in Air Magic
  7855 | D:8      | Noticed a two-headed ogre
  7878 | D:8      | Killed a two-headed ogre
  7879 | D:8      | Reached skill level 5 in Stealth
  7879 | D:8      | Reached XP level 10. HP: 58/58 MP: 12/21
  7913 | D:8      | Killed Gastronok
  7913 | D:8      | Reached *** piety under Kikubaaqudgha
  7913 | D:8      | Received a gift from Kikubaaqudgha
  7914 | D:8      | Reached skill level 10 in Summonings
  7915 | D:8      | Reached skill level 5 in Fighting
  8127 | D:8      | Noticed Grum
  8131 | D:8      | Noticed a boulder beetle
  8133 | D:8      | Killed Grum
  8239 | D:8      | Reached XP level 11. HP: 42/64 MP: 7/23
  8254 | D:8      | Killed a boulder beetle
  8803 | D:8      | Noticed a two-headed ogre
  8819 | D:8      | Killed a two-headed ogre
  8820 | D:8      | Reached skill level 11 in Summonings
  8820 | D:8      | Reached skill level 1 in Necromancy
  9018 | D:8      | Found a staircase to the Lair.
  9914 | Lair:1   | Entered Level 1 of the Lair of Beasts
 10214 | Lair:1   | Noticed Erica
 10232 | Lair:1   | Killed Erica
 10359 | Lair:1   | Reached **** piety under Kikubaaqudgha
 10583 | Lair:1   | Reached XP level 12. HP: 72/72 MP: 21/25
 11475 | Lair:2   | Noticed a five-headed hydra
 11484 | Lair:2   | Killed a five-headed hydra
 11502 | Lair:2   | Reached skill level 1 in Earth Magic
 11663 | Lair:2   | Found a hole to the Spider Nest.
 11813 | Lair:2   | Reached skill level 5 in Necromancy
 12404 | Lair:2   | Identified the staff of Qouloh {rF+ Will++ Int+3 Stlth+
                  | Fire}
 12408 | Lair:2   | Identified the staff of Duiprygo {rC+ Fire Earth}
 12412 | Lair:2   | Identified the staff "Ytecoem" {Str+3 Earth}
 12757 | Lair:3   | Identified a scroll of acquirement
 12965 | Lair:3   | Noticed a skyshark
 12972 | Lair:3   | Killed a skyshark
 13126 | Lair:3   | Learned a level 4 spell: Anguish
 13349 | Lair:3   | Reached XP level 13. HP: 74/79 MP: 23/27
 13624 | Lair:3   | Found a staircase to the Swamp.
 13998 | Lair:4   | Reached skill level 1 in Hexes
 14047 | Lair:4   | Reached ***** piety under Kikubaaqudgha
 14070 | Lair:4   | Identified the ring of Wisdom {rC+ rN++ Str-3}
 14151 | Lair:4   | Found a staircase to the Slime Pits.
 14151 | Lair:4   | Found a viscous altar of Jiyva.
 14666 | Lair:4   | Reached skill level 10 in Dodging
 14666 | Lair:4   | Reached skill level 10 in Stealth
 15470 | Lair:5   | Entered Level 5 of the Lair of Beasts
 15618 | Lair:5   | Reached skill level 10 in Spellcasting
 16135 | Lair:5   | Found a basalt altar of Yredelemnul.
 16186 | Lair:5   | Noticed Snorg
 16201 | Lair:5   | Killed Snorg
 16474 | Lair:5   | Reached XP level 14. HP: 69/87 MP: 10/29
 16640 | Lair:5   | Noticed Josephine
 16688 | Lair:5   | Paralysed by a hornet for 2 turns
 16829 | Lair:5   | Killed Josephine
 16830 | Lair:5   | Reached skill level 10 in Fighting
 17449 | Lair:5   | Quit the game

Illustrated notes

Levels and vault maps discovered:
D:1:      onia_arrival_zoo_common, layout_basic
D:2:      layout_basic
D:3:      layout_loops_ring, mainiacjoe_overflow_six_doors_small, minitemple,
          serial_bayou_crossing, uniq_crazy_yiuf_cottage, uniq_ijyb,
          uniq_sigmund, uniq_natasha
D:4:      layout_basic, minmay_temple_entry_drinking_statues,
          ebering_ghost_sewer_f, hangedman_decor_peaks_small
D:5:      layout_basic, fedhas_bush_and_centaur_altar, gup_sewer_entry_bowl
D:6:      layout_loops_ring, serial_shops, nicolae_shop_just_a_little_nook,
          grunt_ministairs_5, uniq_jeremiah
D:7:      layout_gridville, nicolae_ru_sacrificial_ziggurat
D:8:      nzn_winding_woodlands_cross [nzn_winding_woodlands_5x15_default,
          nzn_winding_woodlands_5x15_zeroes,
          nzn_winding_woodlands_5x15_sidewinder,
          nzn_winding_woodlands_5x15_twine,
          nzn_winding_woodlands_15x15_five_gardens], layout_cave_pods,
          minmay_lair_entry_grove, centaur_isle, uniq_grum, uniq_gastronok
D:9:      layout_cross
Temple:   cyrus_circular_temple
Lair:1:   layout_regular_city, cheibrodos_lair_reptile_den, uniq_erica
Lair:2:   statuecave_lemuel, layout_chaotic_city, spider_nest_entry_a,
          grunt_megastairs_4
Lair:3:   layout_cave_pods, nicolae_swamp_entry_splash_gauntlet,
          infiniplex_staircase_pool, serial_bayou_shore_b
Lair:4:   layout_regular_city, minmay_slime_entry_oklob_open, grunt_megastairs_1
Lair:5:   hangedman_lair_caniforms_friends, layout_layer_cave, wormcave,
          basic_altar, chequers_serial_rivers_room_a,
          chequers_serial_rivers_micro_a, lookout_lair_type,
          lemuel_fruit_fields, serial_bayou_shore_a, uniq_josephine, uniq_snorg

Skill      XL: |  1  2  3  4  5  6  7  8  9 10 11 12 13 14 |
---------------+-------------------------------------------+-----
Summonings     | 5 6 7 8 9 10 11 | 11.0
Spellcasting   | 3 4 5 6 7 8 9 10 | 10.9
Fire Magic     | 3 4 5 |  5.0
Fighting       | 2 4 5 7 8 9 10 | 10.0
Air Magic      | 3 5 |  5.0
Dodging        | 3 5 6 8 9 10 | 10.0
Stealth        | 3 5 6 8 9 10 | 10.0
Necromancy     | 3 5 7 9 |  9.0
Earth Magic    | 2 4 |  4.0
Hexes          | 3 4 |  4.0

Action                     |  1- 3 |  4- 6 |  7- 9 | 10-12 | 13-15 || total
---------------------------+-------+-------+-------+-------+-------++-------
  Melee: Unarmed           |    30 |       |       |       |       ||    30
         Peck              |    10 |     1 |    19 |    13 |     9 ||    52
         Kick              |     7 |     4 |    27 |    24 |    19 ||    81
         Trident           |    16 |    57 |    80 |    73 |       ||   226
         Falchion          |       |       |    27 |     2 |       ||    29
         Staff             |       |       |       |     5 |    32 ||    37
   Cast: Summon Small Mamm |    31 |       |       |     1 |       ||    32
         Call Canine Famil |     7 |    15 |    24 |    17 |     4 ||    67
         Summon Blazeheart |       |     3 |    24 |    58 |    59 ||   144
         Summon Lightning  |       |       |     7 |    22 |    25 ||    54
  Evoke: Wand              |       |       |       |     2 |     1 ||     3
         Sack of spiders   |       |       |       |       |     1 ||     1
    Use: Scroll            |     1 |     2 |     8 |     9 |     2 ||    22
         Potion            |       |       |     1 |     1 |     2 ||     4
   Stab: Sleeping          |       |     1 |     2 |     1 |       ||     4
         Distracted        |       |     2 |       |     1 |       ||     3
 Armour: Robe              |    17 |    20 |    33 |    77 |    96 ||   243
  Dodge: Dodged            |    28 |    27 |    75 |   294 |   242 ||   666
  Block: Other             |       |       |    17 |     2 |       ||    19
         Reflection        |       |       |     3 |       |       ||     3

Table legend: (Time is in decaauts)
 A = Elapsed time spent in this place.
 B = Non-inter-level travel time spent in this place.
 C = Inter-level travel time spent in this place.
 D = Time resting spent in this place.
 E = Time spent auto-exploring this place.
 F = Levels seen in this place.
 G = Mean time per level.
                   A        B        C        D        E       F      G
               +--------+--------+--------+--------+--------+-----+--------+
         Total |  17580 |  16819 |    761 |   2419 |  10637 |  16 | 1098.8 |
       Dungeon |   9876 |   9247 |    629 |    919 |   6269 |   9 | 1097.3 |
        Temple |     22 |      1 |     21 |      0 |      0 |   1 |   22.0 |
          Lair |   7579 |   7469 |    110 |   1500 |   4337 |   5 | 1515.8 |
         Sewer |    102 |    102 |      0 |      0 |     31 |   1 |  102.0 |
               +--------+--------+--------+--------+--------+-----+--------+

Top non-repeatable levels by time:
     D:8: 2318 daAuts
  Lair:5: 1811 daAuts
  Lair:4: 1675 daAuts
  Lair:2: 1417 daAuts
  Lair:3: 1407 daAuts
     D:3: 1292 daAuts
  Lair:1: 1266 daAuts
     D:2: 1169 daAuts
     D:4: 1157 daAuts
     D:7: 1135 daAuts
     D:1: 1050 daAuts
     D:6: 994 daAuts
     D:5: 755 daAuts
   Sewer: 102 daAuts
  Temple: 22 daAuts
